AoeStats
← 小肥羊

Black Forest

510097160Analyzed
4v4 RM · 4d ago on Sep 29, 2026· 64m 52s· 8 players
Game mode
Random Map
Map size
Large (8 player)
Population
200
Speed
Normal
Resources
Standard
Victory
Conquest
Starting age
Dark Age
Ending age
Imperial Age
RankedLock teamsTeams togetherTeam positionsShared explorationLock speedFull tech treeHidden civsTurbo modeCheats
Victory
Defeat
🇦🇷 Lithuanians · Argentina
1290
+15
🇨🇳 Wu · China
1290
+15
🇦🇷 Portuguese · Argentina
1230
+17
🇨🇳 Cumans · China
1223
+17
🇹🇼 Danes · Taiwan
1283
-17
🇨🇳 Goths · China
1277
-17
🇹🇼 Bohemians · Taiwan
1236
-15
🇨🇳 Khmer · China
1233
-15
Yame
11:30 Feudal Age
12:56 Double-Bit Axe
15:16 Castle Age
17:20 Fishing Lines
18:34 Bow Saw
19:35 Gillnets
22:14 Gold Mining
24:27 Stone Mining
29:22 Imperial Age
28:01 Gold Shaft Mining
28:02 Stone Shaft Mining
29:49 Wheelbarrow
29:40 Onager
30:27 Siege Engineers
29:57 Pikeman
30:41 Scale Mail Armor
30:52 Forging
31:04 Squires
30:49 Gambesons
30:48 Halberdier
31:18 Northmen's Fury
31:24 Siege Onager
32:27 Arson
32:59 Chain Mail Armor
33:19 Iron Casting
34:14 Plate Mail Armor
34:25 Conscription
37:09 Blast Furnace
36:44 Hamask
39:10 Elite Varangian Guard
44:28 Devotion
47:14 Chemistry
55:20 Hand Cart
58:25 Horse Collar
58:49 Elite Jomsviking
60:06 Fletching
NICKC
0:27 Loom
14:31 Feudal Age
19:38 Castle Age
18:00 Double-Bit Axe
18:27 Horse Collar
21:36 Fervor
23:36 Bow Saw
27:05 Fishing Lines
28:05 Squires
28:58 Gillnets
33:52 Imperial Age
31:10 Town Watch
32:31 Heavy Plow
34:17 Chemistry
34:20 Wagenburg Tactics
35:03 Masonry
34:18 Pikeman
35:25 Conscription
37:22 Two-Man Saw
38:07 Wheelbarrow
37:34 Town Patrol
41:06 Houfnice
42:44 Scale Mail Armor
43:51 Chain Mail Armor
43:54 Siege Engineers
46:17 Plate Mail Armor
47:32 Forging
48:08 Caravan
48:19 Guilds
51:22 Iron Casting
51:41 Hand Cart
51:19 Halberdier
61:19 Blast Furnace
-d
5:33 Loom
12:05 Feudal Age
17:35 Castle Age
20:23 Wheelbarrow
19:35 Double-Bit Axe
28:25 Imperial Age
26:09 Bow Saw
25:40 Horse Collar
26:33 Scale Barding Armor
27:07 Forging
27:32 Hand Cart
27:33 Bloodlines
27:24 Husbandry
28:25 Squires
29:04 Pikeman
41:28 Gold Mining
41:53 Scale Mail Armor
43:30 Chain Mail Armor
43:51 Iron Casting
46:04 Imperial Age
43:31 Fishing Lines
45:01 Iron Casting
45:20 Ballistics
47:49 Chemistry
47:13 Conscription
47:13 Perfusion
48:21 Blast Furnace
46:44 Light Cavalry
47:46 Chain Barding Armor
49:23 Halberdier
50:20 Chain Mail Armor
50:08 Gillnets
49:48 Elite Skirmisher
50:20 Fletching
50:12 Treadmill Crane
50:43 Masonry
51:14 Bodkin Arrow
51:09 Hussar
52:18 Bracer
53:52 Padded Archer Armor
53:30 Man-at-Arms
55:25 Long Swordsman
56:22 Leather Archer Armor
61:02 Ring Archer Armor
59:53 Two-Handed Swordsman
60:50 Champion
_OMO_
8:56 Loom
11:24 Feudal Age
16:05 Castle Age
14:23 Double-Bit Axe
16:07 Fishing Lines
17:00 Bow Saw
20:01 Gillnets
21:05 Wheelbarrow
21:16 Horse Collar
25:11 Hand Cart
29:29 Imperial Age
26:54 Gold Mining
27:20 Scale Barding Armor
27:26 Forging
27:18 Heavy Plow
27:45 Bloodlines
29:54 Gold Shaft Mining
29:10 Stone Mining
29:33 Elite Battle Elephant
30:18 Husbandry
30:40 Chain Barding Armor
30:57 Iron Casting
31:00 Crop Rotation
31:25 Tusk Swords
32:35 Clinker Construction
35:20 Siege Engineers
35:36 Ballistics
36:38 Blast Furnace
36:14 Plate Barding Armor
37:05 Coinage
36:13 Capped Ram
38:12 Conscription
38:40 Double Crossbow
40:40 Siege Ram
41:56 Banking
41:36 Heavy Scorpion
45:14 Chemistry
44:09 Fletching
44:19 Padded Archer Armor
43:57 Light Cavalry
44:54 Hussar
50:31 Caravan
daitoudaguo
5:35 Loom
8:51 Feudal Age
9:20 Double-Bit Axe
12:34 Horse Collar
15:00 Wheelbarrow
20:45 Gold Mining
20:47 Town Watch
21:30 Scale Barding Armor
21:35 Forging
23:35 Castle Age
22:14 Bloodlines
24:51 Chain Barding Armor
25:07 Iron Casting
24:52 Heavy Plow
25:08 Bow Saw
26:55 Hand Cart
36:37 Imperial Age
34:58 Fletching
35:46 Ballistics
35:22 Murder Holes
35:37 Masonry
36:08 Gold Shaft Mining
35:24 Stone Mining
36:14 Bodkin Arrow
36:44 Caravan
36:42 Cavalier
37:44 Conscription
38:17 Plate Barding Armor
40:40 Blast Furnace
39:14 Pikeman
39:46 Halberdier
40:27 Squires
40:33 Scale Mail Armor
42:12 Chain Mail Armor
43:51 Plate Mail Armor
44:39 Paladin
46:29 Crop Rotation
47:01 Two-Man Saw
46:13 Light Cavalry
53:24 Hussar
JIANG
0:27 Loom
14:45 Feudal Age
15:18 Horse Collar
15:26 Double-Bit Axe
22:13 Castle Age
21:47 Wheelbarrow
22:15 Fishing Lines
24:24 Bow Saw
27:31 Fletching
27:58 Town Watch
29:54 Hand Cart
30:28 Gillnets
31:28 Bodkin Arrow
31:34 Padded Archer Armor
31:33 Gold Mining
31:34 Stone Mining
33:18 Leather Archer Armor
33:03 Scale Mail Armor
33:14 Forging
35:56 Imperial Age
33:31 Town Patrol
34:06 Squires
33:28 Man-at-Arms
33:53 Arson
34:01 Long Swordsman
35:21 Gold Shaft Mining
35:21 Stone Shaft Mining
35:15 Caravan
36:14 Chain Mail Armor
36:36 Iron Casting
37:16 Plate Mail Armor
37:37 Conscription
38:50 Blast Furnace
38:12 Two-Handed Swordsman
39:44 Two-Handed Swordsman
42:13 Coinage
41:50 Champion
47:15 Chemistry
45:56 Treadmill Crane
48:21 Bracer
50:18 Sitting Tiger
51:51 Two-Man Saw
51:32 Scale Barding Armor
51:58 Husbandry
54:28 Bloodlines
53:39 Light Cavalry
小肥羊
11:53 Feudal Age
16:56 Castle Age
15:08 Double-Bit Axe
16:01 Fishing Lines
18:50 Gillnets
18:58 Horse Collar
23:43 Fervor
24:45 Wheelbarrow
25:58 Bow Saw
26:30 Hand Cart
28:11 Stone Mining
31:22 Imperial Age
29:27 Scale Barding Armor
29:33 Forging
30:20 Chain Barding Armor
30:42 Stone Shaft Mining
29:57 Loom
31:30 Bloodlines
31:20 Husbandry
32:04 Iron Casting
31:15 Treadmill Crane
32:53 Conscription
31:54 Elite Leitis
32:36 Onager
33:11 Town Watch
35:06 Plate Barding Armor
36:02 Caravan
36:16 Fletching
37:29 Chemistry
36:41 Masonry
37:39 Redemption
37:50 Sanctity
37:47 Block Printing
37:59 Illumination
40:00 Hoardings
39:47 Bodkin Arrow
40:27 Architecture
40:18 Ballistics
46:14 Guilds
46:25 Light Cavalry
47:28 Winged Hussar
62:08 Two-Man Saw
64:39 Capped Ram
Agua Mineral
0:45 Loom
14:25 Feudal Age
16:42 Town Watch
19:17 Castle Age
18:12 Double-Bit Axe
19:00 Gold Mining
24:31 Imperial Age
22:29 Fishing Lines
26:21 Chemistry
28:46 Stone Mining
29:39 Arquebus
31:00 Fletching
31:08 Treadmill Crane
32:46 Wheelbarrow
32:12 Town Patrol
32:16 Bodkin Arrow
33:15 Murder Holes
34:32 Bombard Tower
34:27 Bracer
35:41 Bow Saw
37:52 Conscription
37:48 Masonry
39:39 Pikeman
41:20 Forging
41:10 Scale Mail Armor
41:00 Halberdier
43:06 Iron Casting
42:46 Chain Mail Armor
43:47 Two-Man Saw
49:00 Siege Engineers
51:35 Blast Furnace
52:41 Architecture
53:36 Gambesons
54:22 Plate Mail Armor
55:39 Arson
Connection lost

Rejoining the realm…

Still unreachable

The connection could not be restored.

Session expired

The server has moved on; the page needs a fresh start.